 Dungeon Crawl Stone Soup version 0.20.1-1-g8b1a95d (webtiles) character file.

40981 vomix the Warrior (level 13, 0/137 HPs)
             Began as a Minotaur Berserker on Aug 10, 2017.
             Was a High Priest of Trog.
             Slain by a catoblepas (10 damage)
             ... on level 6 of the Lair of Beasts.
             The game lasted 00:39:28 (18080 turns).

vomix the Warrior (Minotaur Berserker)             Turns: 18080, Time: 00:39:28

Health: 0/137      AC: 16    Str: 21    XL:     13   Next: 77%
Magic:  12/12      EV:  2    Int:  7    God:    Trog [*****.]
Gold:   938        SH:  0    Dex: 13    Spells: 12/12 levels left

rFire    . . .     SeeInvis .   L - +3 battleaxe "Lacemo" {holy, rElec rPois MR+++ Str-3}
rCold    + . .     Gourm    .   (shield currently unavailable)
rNeg     + + +     Faith    .   N - +0 plate armour
rPois    ∞         Spirit   .   y - +1 hat {Int+3}
rElec    +         Reflect  +   K - +0 cloak
rCorr    .         Harm     .   (no gloves)
MR       +++..                  M - +0 pair of boots
Stlth    ..........             f - +4 amulet of reflection
Regen    0.4/turn               r - +2 ring of protection
MPRegen  0.2/turn               w - ring of protection from cold

@: petrified
A: retaliatory headbutt, horns 2
a: Berserk, Trog's Hand, Brothers in Arms, Burn Spellbooks, Renounce Religion


You were on level 6 of the Lair of Beasts.
You worshipped Trog.
Trog was extremely pleased with you.
You were not hungry.

You visited 3 branches of the dungeon, and saw 18 of its levels.
You also visited: Sewer.

You collected 938 gold pieces.

Inventory:

Hand Weapons
 L - the +3 battleaxe "Lacemo" (weapon) {holy, rElec rPois MR+++ Str-3}
   (Trog gifted it to you on level 2 of the Lair of Beasts)

   It has been blessed by the Shining One to cause great damage to the undead
   and demons.
   It affects your strength (-3).
   It insulates you from electricity.
   It protects you from poison.
   It affects your resistance to hostile enchantments.
 R - the +5 demon whip "Spellbinder" {antimagic, MR+}
   (You found it on level 3 of the Lair of Beasts)

   It reduces the magical energy of the wielder, and disrupts the spells and
   magical abilities of those hit.
   Natural abilities and divine invocations are not affected.
   It affects your resistance to hostile enchantments.
Missiles
 i - a throwing net (quivered)
Armour
 y - a +1 hat of intelligence (worn)
 K - a +0 cloak (worn)
 M - a +0 pair of boots (worn)
 N - a +0 plate armour (worn)
Jewellery
 f - a +4 amulet of reflection (around neck)
 o - an uncursed ring of poison resistance
 r - a +2 ring of protection (left hand)
 w - a ring of protection from cold (right hand)
 C - a +3 ring of dexterity {unknown}
 S - an uncursed ring of flight
 V - an uncursed ring of see invisible
Wands
 v - a wand of digging (8/24)
 B - a wand of confusion (3/48)
 D - a wand of flame (15/48)
 H - a wand of enslavement (9/24)
 I - a wand of polymorph (23/24)
 W - a wand of paralysis (16/24)
 X - a wand of lightning (9/15)
Scrolls
 b - 2 scrolls of recharging {unknown}
 j - 3 scrolls of immolation {unknown}
 k - 3 scrolls of fear {unknown}
 m - 4 scrolls of enchant armour
 n - 5 scrolls of teleportation
 s - 6 scrolls of enchant weapon
 t - 3 scrolls of fog {unknown}
 u - 2 scrolls of blinking
 x - 3 scrolls of magic mapping {unknown}
 z - a scroll of random uselessness {unknown}
 A - 7 scrolls of remove curse
 O - a scroll of acquirement {unknown}
 T - a scroll of amnesia {unknown}
Potions
 d - a potion of lignification
 e - a potion of haste
 g - a potion of resistance {unknown}
 l - 4 potions of curing
 q - a potion of invisibility {unknown}
 E - a potion of brilliance {unknown}
 G - 4 potions of might
 J - a potion of berserk rage {unknown}
 P - a potion of mutation {unknown}
 Q - 2 potions of cancellation {unknown}
Comestibles
 a - 2 royal jellies
 c - 11 bread rations
 h - 2 chunks of flesh
 p - 6 meat rations
 F - 13 fruits


   Skills:
 + Level 19.0 Fighting
 + Level 19.0 Axes
 - Level 2.4 Armour
 - Level 2.1 Dodging


You had 12 spell levels left.
You didn't know any spells.

Dungeon Overview and Level Annotations

Branches:
Dungeon (11/15)            Temple (1/1) D:5            Lair (6/6) D:11
  Swamp (0/4) Lair:4        Snake (0/4) Lair:4        Slime (0/5) Lair:5
    Orc (0/2) D:10

Altars:
Ashenzari
Cheibriados
Dithmenos
Elyvilon
Fedhas
Gozag
Hepliaklqana
Kikubaaqudgha
Makhleb
Nemelex Xobeh
Okawaru
Qazlal
Ru
Sif Muna
Trog
Uskayaw
Vehumet
Xom
Yredelemnul
Zin
The Shining One
Jiyva

Annotations:
Lair:4 exclusion: oklob plant


Innate Abilities, Weirdness & Mutations

You reflexively headbutt those who attack you in melee.
You have a pair of horns on your head.


Message History

* * * LOW HITPOINT WARNING * * *
Your skin stops crawling.
You feel less resistant to hostile enchantments.
The blink frog is engulfed in calcifying dust. x2
The catoblepas breathes a plume of calcifying dust at you.
The blast of calcifying dust hits you!
You are engulfed in calcifying dust.
The death yak gores you but does no damage.
The catoblepas breathes a plume of calcifying dust at you.
The blast of calcifying dust hits you!
* * * LOW HITPOINT WARNING * * *
You are engulfed in calcifying dust.
The death yak gores you!
* * * LOW HITPOINT WARNING * * *
The catoblepas gores you!!
* * * LOW HITPOINT WARNING * * *
You are engulfed in calcifying dust.
The death yak gores you but does no damage.
The catoblepas snuffles in challenge.
The catoblepas gores you!!
You die...

#......###.....
......8.........
...8.............
......8.......(..
.8...............
........8........#
........Y†Y.......
#.......@†......P
.##...§.........
.#.#.#§..........
......F...........
.%................
..................
...............[...
...................
.............<.....


You could see a death yak and a catoblepas.

Vanquished Creatures
  Gastronok (D:9)
  Nessos (Lair:4)
  The ghost of nightbobicus the Protected, a journeyman HOFi of Beogh (D:9)
  Fannar (D:10)
  A two-headed ogre (D:11)
  A catoblepas (Lair:6)
  5 death yaks
  Pikel (D:6)
  15 elephants
  4 black mambas
  8 spiny frogs
  The ghost of ThereIsNoGod the Digger, a novice SpEE (D:6)
  Psyche (D:9)
  3 rime drakes
  6 komodo dragons
  A troll (D:11)
  A polar bear (Lair:2)
  3 hippogriffs
  16 blink frogs
  Sigmund (D:2)
  A spriggan (D:7)
  6 wraiths
  5 wyverns
  31 yaks
  Grum (D:11)
  A basilisk (Lair:4)
  2 wargs (D:10)
  Menkaure (D:4)
  2 insubstantial wisps (Lair:4)
  A naga (Lair:4)
  14 water moccasins
  7 porcupines
  2 sky beasts (D:6)
  2 orc warriors
  The ghost of nightbobicus the Chopper, an amateur MiFi (D:3)
  A black bear (D:11)
  A necrophage (D:9)
  2 phantoms
  4 ogres
  14 wolves
  6 centaurs (D:7)
  11 crocodiles
  The ghost of KobiteSteele the Cutter, an amateur KoFi (D:4)
  A big kobold (D:10)
  15 bullfrogs
  3 scorpions
  A water moccasin skeleton (D:4)
  11 killer bees
  2 howler monkeys
  4 crimson imps
  2 quasits
  10 orc priests
  4 jellies
  4 hounds
  3 bullfrog skeletons
  11 orc wizards
  Crazy Yiuf (D:7)
  Jessica (D:2)
  An iguana (D:11)
  Natasha (thrice) (D:3)
  8 hell rats (Lair:2)
  15 worker ants
  Terence (D:2)
  A hound zombie (D:8)
  3 gnolls (D:7)
  A howler monkey skeleton (D:8)
  19 adders
  13 river rats (Lair:2)
  17 oozes
  2 adder skeletons
  An adder zombie (D:8)
  4 worms
  19 leopard geckos
  39 orcs
  10 ball pythons
  14 giant cockroaches
  8 goblins
  7 hobgoblins
  7 jackals
  7 quokkas
  11 bats
  19 frilled lizards
  A giant cockroach zombie (D:5)
  16 kobolds
  13 rats
  2 fungi (Lair:4)
  A plant (Lair:4)
525 creatures vanquished.

Vanquished Creatures (others)
  A slave (D:6)
  An orc wizard (D:6)
  4 orcs
  A kobold (D:2)
  6 fungi
  4 plants
17 creatures vanquished.

Grand Total: 542 creatures vanquished

Notes
Turn   | Place    | Note
-------+----------+-------------------------------------------
     0 | D:1      | vomix the Minotaur Berserker began the quest for the Orb.
     0 | D:1      | Reached XP level 1. HP: 19/19 MP: 0/0
   145 | D:1      | Reached XP level 2. HP: 24/27 MP: 1/1
   597 | D:1      | Reached XP level 3. HP: 33/34 MP: 2/2
   938 | D:2      | Reached ** piety under Trog
   988 | D:2      | Noticed Terence
   995 | D:2      | Killed Terence
   995 | D:2      | Reached skill level 5 in Fighting
   996 | D:2      | Reached XP level 4. HP: 42/42 MP: 3/3
  1159 | D:2      | Noticed Jessica
  1170 | D:2      | Killed Jessica
  1170 | D:2      | Reached skill level 5 in Axes
  1511 | D:2      | Noticed Sigmund
  1529 | D:2      | Killed Sigmund
  1529 | D:2      | Reached XP level 5. HP: 46/51 MP: 4/4
  1529 | D:2      | Reached XP level 6. HP: 52/58 MP: 5/5
  1695 | D:3      | Found a white marble altar of Elyvilon.
  2062 | D:3      | Noticed nightbobicus's ghost (amateur MiFi)
  2068 | D:3      | Killed nightbobicus's ghost
  2068 | D:3      | Reached XP level 7. HP: 66/66 MP: 6/6
  2097 | D:3      | Reached *** piety under Trog
  2225 | D:3      | Noticed Natasha
  2235 | D:3      | Killed Natasha
  2286 | D:3      | Noticed Natasha
  2289 | D:3      | Killed Natasha
  2357 | D:3      | Noticed Natasha
  2363 | D:3      | Killed Natasha
  2401 | D:3      | Found a faded altar of an unknown god.
  2853 | D:4      | Found a glowing drain.
  2870 | Sewer    | Entered a sewer
  3016 | Sewer    | Reached **** piety under Trog
  3298 | Sewer    | Reached XP level 8. HP: 42/75 MP: 7/7
  3769 | D:4      | Noticed KobiteSteele's ghost (amateur KoFi)
  3775 | D:4      | Killed KobiteSteele's ghost
  3842 | D:4      | Found a stormy altar of Qazlal.
  3945 | D:4      | Noticed Menkaure
  3954 | D:4      | Killed Menkaure
  4249 | D:5      | Entered Level 5 of the Dungeon
  4301 | D:5      | Found a staircase to the Ecumenical Temple.
  4310 | Temple   | Entered the Ecumenical Temple
  4684 | D:5      | Found a bloodstained altar of Trog.
  4818 | D:5      | Found a sparkling altar of Nemelex Xobeh.
  4818 | D:5      | Found a basalt altar of Yredelemnul.
  4818 | D:5      | Found a burning altar of Makhleb.
  5049 | D:6      | Found a shadowy altar of Dithmenos.
  5049 | D:6      | Noticed Pikel
  5055 | D:6      | Killed Pikel
  5055 | D:6      | Reached skill level 10 in Fighting
  5055 | D:6      | Reached skill level 10 in Axes
  5055 | D:6      | Reached XP level 9. HP: 86/86 MP: 8/8
  5158 | D:6      | Found a shattered altar of Ashenzari.
  5262 | D:6      | Noticed ThereIsNoGod's ghost (novice SpEE)
  5271 | D:6      | Killed ThereIsNoGod's ghost
  5312 | D:6      | Found a radiant altar of Vehumet.
  6688 | D:8      | Reached XP level 10. HP: 97/97 MP: 9/9
  6828 | D:8      | Reached ***** piety under Trog
  7254 | D:8      | Found a hazy altar of Hepliaklqana.
  7255 | D:8      | Found a shimmering altar of Xom.
  7679 | D:7      | Found a sacrificial altar of Ru.
  7851 | D:7      | Found a runed door.
  7857 | D:7      | Noticed Crazy Yiuf
  7862 | D:7      | Killed Crazy Yiuf
  8166 | D:9      | Noticed nightbobicus's ghost (journeyman HOFi)
  8186 | D:9      | Killed nightbobicus's ghost
  8519 | D:9      | Noticed Psyche
  8528 | D:9      | Killed Psyche
  8594 | D:9      | Noticed Gastronok
  8608 | D:9      | Killed Gastronok
  8608 | D:9      | Reached XP level 11. HP: 101/110 MP: 10/10
  8793 | D:9      | Received a gift from Trog
  8962 | D:10     | Entered Level 10 of the Dungeon
  9152 | D:10     | Found a staircase to the Orcish Mines.
  9410 | D:10     | Noticed Fannar
  9423 | D:10     | Killed Fannar
  9779 | D:11     | Noticed a two-headed ogre
  9786 | D:11     | Killed a two-headed ogre
  9786 | D:11     | Reached skill level 15 in Fighting
  9786 | D:11     | Reached skill level 15 in Axes
  9789 | D:11     | Found a staircase to the Lair.
 10138 | D:11     | Noticed Grum
 10147 | D:11     | Killed Grum
 10592 | Lair:1   | Entered Level 1 of the Lair of Beasts
 11487 | Lair:1   | Reached XP level 12. HP: 105/121 MP: 11/11
 12286 | Lair:2   | Received a gift from Trog
 12287 | Lair:2   | Got a pitted battleaxe {god gift}
 12746 | Lair:2   | Identified the +3 battleaxe "Lacemo" {holy, rElec rPois MR+++ Str-3} (Trog gifted it to you on level 2 of the Lair of Beasts)
 14075 | Lair:3   | Noticed a death yak
 14076 | Lair:3   | Noticed a death yak
 14083 | Lair:3   | Noticed a death yak
 14085 | Lair:3   | Noticed a death yak
 14090 | Lair:3   | Killed a death yak
 14098 | Lair:3   | Killed a death yak
 14106 | Lair:3   | Killed a death yak
 14113 | Lair:3   | Killed a death yak
 15037 | Lair:4   | Noticed Nessos
 15066 | Lair:4   | Killed Nessos
 15370 | Lair:4   | Reached XP level 13. HP: 134/134 MP: 12/12
 16055 | Lair:4   | Found a staircase to the Swamp.
 16170 | Lair:4   | Found a staircase to the Snake Pit.
 16538 | Lair:5   | Found a shadowy altar of Dithmenos.
 16699 | Lair:5   | Received a gift from Trog
 17132 | Lair:5   | Found a staircase to the Slime Pits.
 17132 | Lair:5   | Found a viscous altar of Jiyva.
 17659 | Lair:6   | Entered Level 6 of the Lair of Beasts
 18080 | Lair:6   | Slain by a catoblepas

Skill      XL: |  1  2  3  4  5  6  7  8  9 10 11 12 13 |
---------------+----------------------------------------+-----
Axes           | 4 6 7 8 10 12 14 16 17 19 | 19.0
Fighting       | 4 5 6 7 8 10 12 14 15 17 19 | 19.0
Armour         | |  2.4
Dodging        | |  2.1

Action                   |  1- 3 |  4- 6 |  7- 9 | 10-12 | 13-15 || total
-------------------------+-------+-------+-------+-------+-------++-------
Melee: Hand axe          |    74 |    95 |   427 |   115 |       ||   711
       Headbutt          |    11 |    20 |    79 |   145 |    58 ||   313
       War axe           |       |       |       |   102 |       ||   102
       Battleaxe         |       |       |       |   383 |   213 ||   596
Invok: Berserk           |     1 |     2 |     5 |    12 |     5 ||    25
       Trog's Hand       |       |     2 |     4 |     8 |     2 ||    16
       Burn Spellbooks   |       |       |     1 |     1 |       ||     2
       Brothers in Arms  |       |       |       |     1 |       ||     1
Evoke: Wand              |       |       |       |     1 |     1 ||     2
  Use: Potion            |       |     1 |     3 |     2 |     3 ||     9
       Scroll            |       |       |     4 |     6 |     3 ||    13
 Stab: Sleeping          |     1 |       |       |       |       ||     1
       Petrified         |       |       |       |       |     8 ||     8
  Eat: Chunk             |       |     6 |    16 |    24 |    13 ||    59
       Fruit             |       |       |     1 |     1 |       ||     2
       Meat ration       |       |       |     1 |     1 |       ||     2
       Royal jelly       |       |       |       |     3 |       ||     3
       Bread ration      |       |       |       |     2 |       ||     2
Armor: Animal skin       |    13 |       |       |       |       ||    13
       Ring mail         |     2 |    15 |       |       |       ||    17
       Chain mail        |       |    15 |   198 |    37 |       ||   250
       Plate armour      |       |       |       |   267 |   129 ||   396
Dodge: Dodged            |    54 |    40 |   161 |   177 |    63 ||   495
Block: Other             |     4 |    10 |    38 |    13 |    32 ||    97
       Reflection        |       |     3 |       |       |     1 ||     4
